 Dungeon Sprint DCSS version 0.16.2-12-gd0ad4c3 (webtiles) character file.

2623 ericwiseman123 the Grappler (level 9, -26/103 (105) HPs)
             Began as a Troll Berserker on Sept 17, 2015.
             Was a High Priest of Trog.
             Killed from afar by a crystal guardian (50 damage)
             ... with a crystal bolt
             ... in the Dungeon (Sprint II: "The Violet Keep of Menkaure").
             The game lasted 00:10:14 (765 turns).

ericwiseman123 the Grappler (Troll Berserker)        Turns: 765, Time: 00:10:14

HP:   -26/103 (105) AC: 10    Str: 30      XL:     9   Next: 34%
MP:   4/4           EV: 12    Int:  6 (7)  God:    Trog [*****.]
Gold: 266           SH:  0    Dex:  9      Spells: 0 memorised, 8 levels left

rFire  . . .     SeeInvis .       - Unarmed
rCold  . . .     Clarity  .     b - +0 animal skin
rNeg   + . .     SustAb   .     (shield restricted)
rPois  +         Gourm    +     (helmet restricted)
rElec  .         Spirit   .     j - +1 cloak {+Inv}
rCorr  .         Warding  .     (gloves unavailable)
rMut   .         NoTele   +     (boots unavailable)
MR     ++...     NoCast   +     (no amulet)
Stlth  ..........               l - +3 ring of protection
                                i - ring of Iraomon {-Cast rPois rN+ Int+4 Stlth-} (curse)

@: lethally poisoned (-26 -> -42), exhausted, recuperating, rotting, diseased,
slowed, very slow, very resistant to hostile enchantments, extremely unstealthy
A: unfitting armour, claws 3, fast metabolism 3, gourmand, regeneration 2,
shaggy fur 1, tough skin 2
a: Burn Spellbooks, Berserk, Trog's Hand, Brothers in Arms, Renounce Religion,
Evoke Invisibility


You were in the Dungeon.
You worshipped Trog.
Trog was extremely pleased with you.
You were very full.

You visited 1 branch You collected 1053 gold pieces.
You spent 787 gold pieces at shops.

Inventory:

Hand weapons
 m - a +0 arbalest
Missiles
 n - 20 bolts
Armour
 b - a +0 animal skin (worn)
 j - a +1 cloak of invisibility (worn)
Jewellery
 i - the cursed ring of Iraomon (left claw) {-Cast rPois rN+ Int+4 Stlth-}
   (You bought it in a shop in the Dungeon)

   [ring of loudness]

   It affects your intelligence (+4).
   It protects you from poison.
   It protects you from negative energy.
   It prevents spellcasting.
   It makes you less stealthy.
   It has a curse placed upon it.
 l - a +3 ring of protection (right claw)
Scrolls
 h - a scroll of blinking
 k - 2 scrolls of fog
Potions
 c - a potion of curing
 d - a potion of heal wounds
 e - a potion of haste
 f - 2 potions of magic
 g - a potion of berserk rage
Comestibles
 a - 2 meat rations


   Skills:
 + Level 11.2 Fighting
 + Level 4.5 Armour
 + Level 8.3 Dodging
 + Level 1.1 Stealth
 + Level 13.3 Unarmed Combat


You had 8 spell levels left.
You didn't know any spells.

Dungeon Overview and Level Annotations

Branches:
Dungeon (1/1)

Altars:
Cheibriados
Dithmenos
Elyvilon
Gozag
Kikubaaqudgha
Okawaru
Qazlal
Sif Muna
Xom
Zin
The Shining One
Beogh

Shops:
D !:[=?==%}=!((:[*

Annotations:
D exclusions: obsidian statue and oklob plant


Innate Abilities, Weirdness & Mutations

You are too large for most types of armour.
You have claws for hands.
Your metabolism is lightning-fast.
You like to eat raw meat.
You heal very quickly.
You are covered in fur (AC +1).
You have very tough skin (AC +2).


Message History

You are more poisoned.
You feel as though you will be slow longer.
You feel your flesh rotting away.
You feel very sick.
You feel your flesh rotting away.
You feel very sick.
You feel a strong urge to attack something.
You feel very sick.
You feel very sick.
You feel your anger subside.
You are no longer berserk.
You are exhausted.
You feel as though you will be slow longer.
You feel very sick.
You feel very sick.
You feel very sick.
The crystal guardian fires a crystalline bolt at you.
The crystal bolt misses you.
You feel very sick.
The crystal guardian fires a crystalline bolt at you.
The crystal bolt burns you!
You die...

####≈≈#+++#+++## #^...#
###≈≈≈.........# +.(..#
..#≈≈≈≈.##+##..# ####.# .
..#≈≈≈≈### ##.#### +.##.
..#≈≈≈≈#..##.#....# #^.8# ##
..#≈≈####...####..## ##..# .#
⌠.#≈##.###'###.##..# +^.# .#
..#≈#...##.###..#..# #..# .#
..+≈'.##'.<.'.##@..####..##.#
..#≈#...##.###..#....###...##▓▓▓▓
###≈##.###'###.##.....8≈≈≈≈≈≈≈≈≈≈
###≈≈####.#.####≈§§....≈#+#######
##≈≈≈#.##..#≈§≈≈§≈≈..§#........ #
#+#≈###..##≈≈≈≈§≈§≈§≈#....⌠._. #≈
#≈≈##'##≈≈≈§≈§≈§≈≈≈#..._._._ §≈
##≈≈≈≈≈≈≈≈§§§§§≈≈≈≈#.._._._ §
#+++#+++#≈§≈§≈≈≈≈≈#._._._


You could see a crystal guardian.

Vanquished Creatures
  A death drake (D)
  A yaktaur (D)
  3 polar bears (D)
  A baby alligator (D)
  Menkaure (D)
  2 swamp drakes (D)
  4 necrophages (D)
  A wasp (D)
  A crocodile (D)
  4 brain worms (D)
  4 worker ants (D)
  3 worms (D)
26 creatures vanquished.

Notes
Turn   | Place    | Note
--------------------------------------------------------------
     0 | D        | ericwiseman123, the Troll Berserker, began the quest for the Orb.
     0 | D        | Reached XP level 1. HP: 22/22 MP: 1/1
     1 | D        | Noticed a necrophage
     1 | D        | Noticed a necrophage
     1 | D        | Noticed a necrophage
     1 | D        | Noticed a necrophage
     6 | D        | Killed a necrophage
     6 | D        | Reached skill level 5 in Fighting
     6 | D        | Reached skill level 6 in Unarmed Combat
     6 | D        | Reached XP level 2. HP: 33/35 MP: 1/1
     6 | D        | Reached XP level 3. HP: 39/42 MP: 2/2
     6 | D        | Reached XP level 4. HP: 46/50 MP: 2/2
    12 | D        | Killed a necrophage
    12 | D        | Reached skill level 7 in Unarmed Combat
    12 | D        | Reached XP level 5. HP: 50/59 MP: 2/2
    14 | D        | Killed a necrophage
    14 | D        | Reached skill level 8 in Unarmed Combat
    17 | D        | Killed a necrophage
    17 | D        | Reached skill level 9 in Unarmed Combat
    17 | D        | Reached XP level 6. HP: 58/71 MP: 3/3
    20 | D        | Acquired Trog's second power
    64 | D        | Noticed a brain worm
    64 | D        | Noticed a brain worm
    64 | D        | Noticed a brain worm
    64 | D        | Noticed a brain worm
    67 | D        | Killed a brain worm
    69 | D        | Killed a brain worm
    71 | D        | Killed a brain worm
    71 | D        | Reached skill level 10 in Unarmed Combat
    71 | D        | Reached XP level 7. HP: 81/81 MP: 3/3
    72 | D        | Killed a brain worm
   130 | D        | Reached skill level 5 in Dodging
   169 | D        | Noticed a worker ant
   169 | D        | Noticed a worker ant
   173 | D        | Killed a worker ant
   173 | D        | Acquired Trog's third power
   174 | D        | Killed a worker ant
   175 | D        | Noticed a worker ant
   175 | D        | Noticed a worker ant
   176 | D        | Killed a worker ant
   177 | D        | Killed a worker ant
   204 | D        | Found Shrius' Antique Weapon Boutique.
   204 | D        | Found Psoisor's Antique Armour Boutique.
   205 | D        | Found Owerul's Assorted Antiques.
   205 | D        | Found Fafaicac's Distillery.
   205 | D        | Found Uhoarric's Jewellery Boutique.
   205 | D        | Found Phoh Thu's Gadget Shop.
   205 | D        | Found Unarr's Antique Weapon Shop.
   206 | D        | Found Thriamuy's Jewellery Boutique.
   206 | D        | Found Kli Khedu's Jewellery Boutique.
   206 | D        | Found Tupraur's Food Boutique.
   206 | D        | Noticed a redback
   207 | D        | Found Nosehide's Book Shop.
   207 | D        | Found Blidaeko's Jewellery Boutique.
   208 | D        | Noticed a baby alligator
   208 | D        | Noticed a redback
   209 | D        | Found Ohairimi's Antique Armour Shop.
   209 | D        | Found Kluas' Magic Scroll Shop.
   209 | D        | Noticed an oklob plant
   216 | D        | Killed a baby alligator
   216 | D        | Reached skill level 11 in Unarmed Combat
   220 | D        | Found Mnorouze's Book Shoppe.
   220 | D        | Noticed a hippogriff
   221 | D        | Noticed a hippogriff
   221 | D        | Found Gearaute's Distillery.
   221 | D        | Noticed a hippogriff
   223 | D        | Noticed a slime creature
   223 | D        | Noticed a slime creature
   226 | D        | Noticed a slime creature
   243 | D        | Bought the ring of Iraomon {-Cast rPois rN+ Int+4 Stlth-} for 340 gold pieces
   263 | D        | Bought a glowing cloak for 139 gold pieces
   283 | D        | Bought a scroll of fog for 28 gold pieces
   283 | D        | Bought a scroll of fog for 28 gold pieces
   285 | D        | Bought a +3 ring of protection for 252 gold pieces
   322 | D        | Noticed an ice statue
   360 | D        | Noticed an obsidian statue
   379 | D        | Noticed a crocodile
   384 | D        | Killed a crocodile
   393 | D        | Noticed Menkaure
   426 | D        | Found a shadowy altar of Dithmenos.
   426 | D        | Found a deep blue altar of Sif Muna.
   426 | D        | Found an iron altar of Okawaru.
   426 | D        | Found a roughly hewn altar of Beogh.
   426 | D        | Noticed a polar bear
   427 | D        | Noticed a wasp
   448 | D        | Killed Menkaure
   482 | D        | Noticed a yaktaur
   488 | D        | Killed a wasp
   488 | D        | Reached XP level 8. HP: 91/93 MP: 3/3
   498 | D        | Killed a polar bear
   498 | D        | Reached skill level 10 in Fighting
   502 | D        | Killed a yaktaur
   502 | D        | Reached skill level 12 in Unarmed Combat
   552 | D        | Found a glowing golden altar of the Shining One.
   552 | D        | Found a stormy altar of Qazlal.
   552 | D        | Found a snail-covered altar of Cheibriados.
   552 | D        | Found a white marble altar of Elyvilon.
   553 | D        | Found an opulent altar of Gozag.
   567 | D        | Noticed a deep elf master archer
   575 | D        | Noticed a polar bear
   580 | D        | Noticed a polar bear
   580 | D        | Killed a polar bear
   585 | D        | Killed a polar bear
   586 | D        | Found a shimmering altar of Xom.
   586 | D        | Found a glowing silver altar of Zin.
   586 | D        | Found an ancient bone altar of Kikubaaqudgha.
   689 | D        | Noticed a swamp drake
   690 | D        | Noticed a death drake
   690 | D        | Noticed a swamp drake
   713 | D        | Killed a swamp drake
   713 | D        | Reached XP level 9. HP: 91/102 MP: 4/4
   719 | D        | Killed a swamp drake
   757 | D        | Noticed a crystal guardian
   758 | D        | Killed a death drake
   758 | D        | Reached skill level 1 in Stealth
   758 | D        | Reached skill level 13 in Unarmed Combat
   765 | D        | Killed from afar by a crystal guardian

Action                   |  1- 3 |  4- 6 |  7- 9 || total
-------------------------+-------+-------+-------++-------
Melee: Unarmed           |     3 |    15 |    66 ||    84
Invok: Berserk           |     1 |     1 |     1 ||     3
       Trog's Hand       |       |       |     3 ||     3
  Eat: Chunk             |       |       |    15 ||    15
